 Dungeon Crawl Stone Soup version 0.31.0-32-g396128a36d (webtiles) character file.

Game seed: 1507195879665561645

173 gohu the Magician (level 5, -5/35 HPs)
             Began as a Djinni Fire Elementalist on Mar 10, 2024.
             Slain by a bullfrog (7 damage)
             ... on level 4 of the Dungeon.
             The game lasted 00:05:29 (2332 turns).

gohu the Magician (Djinni Fire Elementalist)        Turns: 2332, Time: 00:05:30

Health: -5/35      AC:  2    Str:  7    XL:     5   Next: 83%
Gold:   305        EV: 12    Int: 18    God:
                   SH:  0    Dex: 14

rFire   + . .        (no weapon)
rCold   . . .        (no shield)
rNeg    . . .        a - +0 robe
rPois   ∞            (no helmet)
rElec   .            (no cloak)
rCorr   +            (no gloves)
SInv    .            (boots unavailable)
Will    .....        (no amulet)
Stlth   ++           c - ring of ice
HPRegen 0.25/turn    i - ring of resist corrosion
MPRegen 0.00/turn

%: infuse magic (-6 HP)
@: flying
A: sickness immunity, fire resistance 2, cold vulnerability 1, float, innate
caster, HP casting, extra vitality 1
a: no special abilities


You were on level 4 of the Dungeon.
You visited 2 branches of the dungeon, and saw 5 of its levels.

You collected 305 gold pieces.

Inventory:

Armour
 a - a +0 robe (worn)
Jewellery
 c - a ring of ice (left hand)
 i - a ring of resist corrosion (right hand)
Scrolls
 b - 3 scrolls of fog {unknown}
 e - 3 scrolls of identify {unknown}
 j - a scroll of revelation {unknown}
 l - a scroll of poison {unknown}
 m - a scroll of noise {unknown}
 n - a scroll of torment {unknown}
 p - a scroll of teleportation {unknown}
 q - a scroll of butterflies {unknown}
Potions
 d - 2 potions of curing {unknown}
 f - 3 potions of degeneration {unknown}
 g - a potion of attraction {unknown}
 h - 3 potions of mutation {unknown}
 k - a potion of lignification {unknown}
 o - 3 potions of brilliance {unknown}


   Skills:
 - Level 2.1 Dodging
 - Level 1.5 Stealth
 * Level 5.1 Spellcasting
 * Level 5.1 Conjurations
 * Level 5.1 Hexes
   Level 0.0 Charms
 * Level 5.1 Summonings
 * Level 5.1 Necromancy
 * Level 5.1 Translocations
   Level 0.0 Transmutations
 * Level 5.1 Fire Magic
 * Level 5.1 Ice Magic
 * Level 5.1 Air Magic
 * Level 5.1 Earth Magic
 * Level 5.1 Alchemy


You knew the following spells:

 Your Spells              Type           Power      Damage    Failure   Level
a - Foxfire               Conj/Fire      92%        2x1d8     1%          1
b - Searing Ray           Conj           46%        2d6       2%          2
c - Volatile Blastmotes   Fire/Tloc      46%        2d13      4%          3
d - Inner Flame           Hex/Fire       23%        N/A       4%          3
e - Flame Wave            Conj/Fire      23%        2d8       16%         4
f - Kiss of Death         Conj/Necr      92%        2d12      1%          1
g - Scorch                Fire           46%        2d6       2%          2
Your spell library was empty.

Dungeon Overview and Level Annotations

Branches:
Dungeon (4/15)             Temple (1/1) D:4

Altars:
Ashenzari
Cheibriados
Dithmenos
Fedhas
Gozag
Hepliaklqana
Okawaru
Qazlal
Ru
Trog
Uskayaw
Wu Jian
Yredelemnul
Zin
The Shining One

Annotations:
Temple 2 transporters


Innate Abilities, Weirdness & Mutations

You are immune to sickness and miasma.
You are immune to poison.
Your flesh is very heat resistant. (rF++)
You are vulnerable to cold. (rC-)
You float through the air rather than walking.
You learn spells naturally, not from books.
Your magical power is your life essence.
You have superior vitality. (+4 MHP)


Message History

Casting: Searing Ray (safe; 2% risk of failure)
Confirm with . or Enter, or press ? or * to list all spells.
Restarting spell: Searing Ray (safe; 2% risk of failure)
Press: ? - help, Shift-Dir - straight line, f/p - bullfrog
Aim: a bullfrog (severely wounded, 72% to hit)
The searing ray misses the bullfrog. (Press . to maintain the ray.)
The bullfrog misses you. The bullfrog barely misses you.
Casting: Searing Ray (safe; 2% risk of failure)
Confirm with . or Enter, or press ? or * to list all spells.
Restarting spell: Searing Ray (safe; 2% risk of failure)
Press: ? - help, Shift-Dir - straight line, f/p - bullfrog
Aim: a bullfrog (severely wounded, 72% to hit)
The searing ray hits the bullfrog.
The bullfrog is almost dead. (Press . to maintain the ray.)
* * * LOW HITPOINT WARNING * * *
The bullfrog closely misses you.
Casting: Searing Ray (safe; 2% risk of failure)
Confirm with . or Enter, or press ? or * to list all spells.
Restarting spell: Searing Ray (safe; 2% risk of failure)
Press: ? - help, Shift-Dir - straight line, f/p - bullfrog
Aim: a bullfrog (almost dead, 72% to hit)
The searing ray misses the bullfrog. (Press . to maintain the ray.)
* * * LOW HITPOINT WARNING * * *
The bullfrog hits you.
* * * LOW HITPOINT WARNING * * *
The bullfrog closely misses you.
Your magical contamination has completely faded away.
Casting: Searing Ray (safe; 2% risk of failure)
Confirm with . or Enter, or press ? or * to list all spells.
Restarting spell: Searing Ray (safe; 2% risk of failure)
Press: ? - help, Shift-Dir - straight line, f/p - bullfrog
Aim: a bullfrog (almost dead, 72% to hit)
The searing ray misses the bullfrog. (Press . to maintain the ray.)
* * * LOW HITPOINT WARNING * * *
The bullfrog hits you!
You die...

###### #......
### #......
##.## #......
#...## #......
#.#..## #<.....
##F##F.#
#......
#@.###...#
#...... #.##
###...#......
##.# ##.#......
#### #..#
#..####.#
#..####.##
#...##.#
#....#..####
#....# ..
#.##.......#
######... ...
#.#...####....#
#........ ....
#...### ##..
........≈


You could see a bullfrog.

Vanquished Creatures
  A scorpion (D:4)
  An orc priest (D:2)
  2 adders
  4 orcs
  8 bats
  8 endoplasms
  2 giant cockroaches
  9 goblins
  4 hobgoblins
  3 kobolds
  8 ball pythons
  3 frilled lizards (D:1)
  6 rats
59 creatures vanquished.

Vanquished Creatures (others)
  168 foxfires
168 creatures vanquished.

Grand Total: 227 creatures vanquished

Notes
Turn   | Place    | Note
-------+----------+-------------------------------------------
     0 | D:1      | gohu the Djinni Fire Elementalist began the quest for the
                  | Orb.
     0 | D:1      | gohu set off with the following spells memorised: Foxfire,
                  | Scorch, Volatile Blastmotes, Inner Flame, Flame Wave.
     0 | D:1      | Reached XP level 1. HP: 15/15 MP: 0/0
   122 | D:1      | Reached XP level 2. HP: 20/21 MP: 0/0
   155 | D:1      | Found a faded altar of an unknown god.
   410 | D:1      | Reached XP level 3. HP: 24/25 MP: 0/0
   410 | D:1      | Learned a level 1 spell: Kiss of Death
   932 | D:2      | Reached XP level 4. HP: 10/31 MP: 0/0
  1628 | D:3      | Reached XP level 5. HP: 33/35 MP: 0/0
  1628 | D:3      | Learned a level 2 spell: Searing Ray
  1850 | D:3      | Identified the +8 falchion "Iredad" {heavy, rElec rN+ Str+2
                  | Dex+4}
  1867 | D:3      | Found a hide-covered altar of Uskayaw.
  1986 | D:3      | Found a shadowy altar of Dithmenos.
  2121 | D:4      | Found a staircase to the Ecumenical Temple.
  2130 | Temple   | Found a transporter.
  2130 | Temple   | Found a transporter.
  2130 | Temple   | Found a transporter.
  2130 | Temple   | Found a transporter.
  2130 | Temple   | Entered the Ecumenical Temple
  2138 | D:4      | Reached skill level 5 in Spellcasting
  2138 | D:4      | Reached skill level 5 in Conjurations
  2138 | D:4      | Reached skill level 5 in Hexes
  2138 | D:4      | Reached skill level 5 in Summonings
  2138 | D:4      | Reached skill level 5 in Necromancy
  2138 | D:4      | Reached skill level 5 in Translocations
  2138 | D:4      | Reached skill level 5 in Fire Magic
  2138 | D:4      | Reached skill level 5 in Ice Magic
  2138 | D:4      | Reached skill level 5 in Air Magic
  2138 | D:4      | Reached skill level 5 in Earth Magic
  2138 | D:4      | Reached skill level 5 in Alchemy
  2318 | D:4      | Noticed a bullfrog
  2332 | D:4      | Slain by a bullfrog

Illustrated notes

Levels and vault maps discovered:
D:1:      lightli_arrival_statue_moat, layout_loops_ring,
          basic_ecumenical_altar, minmay_ruptured
D:2:      minmay_spotlight, layout_rooms, serial_curves, eino_curves_03,
          eino_curves_03, small_statue_intersection
D:3:      layout_basic, mainiacjoe_overflow_alcove_4, general_overflow_altar,
          mainiacjoe_overflow_catwalk, kennysheep_generic_room_15
D:4:      layout_rooms, temple_pool_b
Temple:   hellmonk_temple_divided_pantheon

Skill      XL: |  1  2  3  4  5 |
---------------+----------------+-----
Spellcasting   | 4 5 |  5.1
Conjurations   | 4 5 |  5.1
Hexes          | 4 5 |  5.1
Summonings     | 4 5 |  5.1
Necromancy     | 4 5 |  5.1
Translocations | 4 5 |  5.1
Fire Magic     | 4 5 |  5.1
Ice Magic      | 4 5 |  5.1
Air Magic      | 4 5 |  5.1
Earth Magic    | 4 5 |  5.1
Alchemy        | 4 5 |  5.1
Dodging        | |  2.1
Stealth        | |  1.5

Action                     |  1- 3 |  4- 6 || total
---------------------------+-------+-------++-------
   Cast: Foxfire           |    59 |    47 ||   106
         Scorch            |     7 |     3 ||    10
         Volatile Blastmot |     1 |     2 ||     3
         Searing Ray       |       |     8 ||     8
 Armour: Robe              |     6 |     6 ||    12
  Dodge: Dodged            |    12 |     8 ||    20
